 Dungeon Crawl Stone Soup version 0.20.0-4-g10b340a (console) character file.

118 trurl the Gusty (level 4, -1/33 HPs)
             Began as a Draconian Air Elementalist on May 27, 2017.
             Was a Believer of Yredelemnul.
             Slain by an adder (2 damage)
             ... on level 3 of the Dungeon.
             The game lasted 00:12:21 (1447 turns).

trurl the Gusty (Draconian Air Elementalist)        Turns: 1447, Time: 00:12:22

Health: -1/33      AC:  6    Str: 10 (11) XL:     4   Next: 72%
Magic:  7/7        EV: 12    Int: 14 (16) God:    Yredelemnul [**....]
Gold:   69         SH:  0    Dex:  9 (11) Spells: 4/7 levels left

rFire    . . .     SeeInvis .   j - +0 trident
rCold    . . .     Gourm    .   (no shield)
rNeg     + . .     Faith    .   (armour unavailable)
rPois    .         Spirit   .   (helmet restricted)
rElec    .         Reflect  .   (no cloak)
rCorr    .         Harm     .   i - +0 pair of gloves
MR       .....                  (no boots)
Stlth    ++........             (no amulet)
Regen    0.2/turn               g - ring of stealth
MPRegen  0.1/turn               s - ring of positive energy

@: berserk cooldown, slowed, drained, very slow
A: unfitting armour, cold-blooded, AC +5
a: Animate Remains, Recall Undead Slaves, Injury Mirror, Renounce Religion


You were on level 3 of the Dungeon.
You worshipped Yredelemnul.
Yredelemnul was pleased with you.
You were hungry.

You visited 1 branch of the dungeon, and saw 3 of its levels.

You collected 69 gold pieces.

Inventory:

Hand Weapons
 j - a +0 trident (weapon)
Missiles
 c - 8 tomahawks (quivered)
 l - 4 javelins
 t - 18 poisoned needles
Armour
 i - a +0 pair of gloves (worn)
Jewellery
 e - an uncursed amulet of harm
 g - a ring of stealth (left hand)
 s - a ring of positive energy (right hand)
 x - an uncursed ring of poison resistance {unknown}
Scrolls
 d - 4 scrolls of remove curse {unknown}
 f - 2 scrolls of blinking {unknown}
 k - 3 scrolls of enchant armour {unknown}
 m - 2 scrolls of identify {unknown}
 o - a scroll of noise {unknown}
 w - a scroll of teleportation {unknown}
Potions
 p - a potion of flight {unknown}
 q - a potion of brilliance {unknown}
 u - a potion of resistance {unknown}
Books
 a - a book of Air

   Spells                             Type                      Level
   a - Shock                          Conjuration/Air              1
   b - Swiftness                      Charms/Air                   2
   c - Static Discharge               Conjuration/Air              3
   d - Airstrike                      Air                          4
   e - Lightning Bolt                 Conjuration/Air              5
Comestibles
 b - 4 bread rations
 r - 4 chunks of flesh
 v - a royal jelly


   Skills:
 + Level 3.2(2.5) Dodging
 - Level 2.0(1.4) Stealth
 - Level 2.0(1.3) Spellcasting
 - Level 1.0(0.4) Conjurations
 + Level 4.4(3.8) Air Magic


You had 4 spell levels left.
You knew the following spells:

 Your Spells              Type           Power        Failure   Level  Hunger
a - Shock                 Conj/Air       #...         11%         1    ##.....
z - Swiftness             Chrm/Air       #.......     19%         2    ###....


Dungeon Overview and Level Annotations

Branches:
Dungeon (3/15)

Altars:
Kikubaaqudgha
Yredelemnul

Annotations:
D:3 Grinder


Innate Abilities, Weirdness & Mutations

Your plain brown scales are hard. (AC +5)
You cannot fit into any form of body armour.
You are cold-blooded and may be slowed by cold attacks.


Message History

The kobold hits you but does no damage. The adder bites you but does no damage.
You barely miss Grinder.
Your tail-slap misses Grinder.
Grinder is heavily wounded.
You are no longer berserk.
You are exhausted.
You feel yourself slow down. The orc hits you but does no damage. x2
The kobold hits you with a dagger.
* * * LOW HITPOINT WARNING * * *
Grinder hits you.
* * * LOW HITPOINT WARNING * * *
You writhe in agony.
* * * LOW HITPOINT WARNING * * *
The adder barely misses you.
Unknown command.
It was a potion of degeneration.
There was something very wrong with that liquid.
You feel weakened.
You feel dopey.
You feel clumsy. The orc closely misses you. The kobold closely misses you.
The adder bites you.
You die...
Your body rises from the dead as a mindless zombie.

.....#.5...## #.# #.#
# ............# #..
#.#
.#...#.###..+..%...
#### ..#
...........##≈≈≈≈≈≈
..# .#####.#####
g#g#o# ..# .. #.# # #
#..# ## ###+## #######
# #....# #.....# ..+
#....#####...@o##....#
#....<...'..5KSoo....#
##
#....#####.....##....#
.#.#....# #.....# #...
.#.#....# #.....# ##
.#.###+## #.....#
.......#### #.....#
.#.#......# #.....#
.#.#......# #######


You could see Grinder, an adder, 3 orcs and a kobold.

Vanquished Creatures
  3 gnolls (D:3)
  3 adders
  2 dart slugs (D:1)
  A leopard gecko (D:2)
  An orc (D:3)
  4 ball pythons
  3 giant cockroaches
  9 goblins
  7 hobgoblins
  2 quokkas (D:3)
  7 bats
  A frilled lizard (D:2)
  7 kobolds
  6 rats
56 creatures vanquished.

Vanquished Creatures (collateral kills)
  A kobold (D:3)
1 creature vanquished.

Vanquished Creatures (others)
  An adder zombie (D:3)
1 creature vanquished.

Grand Total: 58 creatures vanquished

Notes
Turn   | Place    | Note
-------+----------+-------------------------------------------
     0 | D:1      | trurl the Draconian Air Elementalist began the quest for the Orb.
     0 | D:1      | Reached XP level 1. HP: 14/14 MP: 3/3
   206 | D:1      | Reached XP level 2. HP: 16/20 MP: 0/5
   210 | D:1      | Learned a level 2 spell: Swiftness
   617 | D:2      | Reached XP level 3. HP: 22/26 MP: 6/6
  1046 | D:3      | Found a faded altar of an unknown god.
  1056 | D:3      | Became a worshipper of Yredelemnul the Dark
  1056 | D:3      | Reached * piety under Yredelemnul
  1080 | D:3      | Found an ancient bone altar of Kikubaaqudgha.
  1096 | D:3      | Reached skill level 4 in Air Magic
  1123 | D:3      | Reached XP level 4. HP: 29/33 MP: 2/7
  1375 | D:3      | Reached ** piety under Yredelemnul
  1385 | D:3      | Noticed Grinder
  1446 | D:3      | HP: 1/33 [Grinder (1)]
  1447 | D:3      | Slain by an adder

Skill      XL: |  1  2  3  4 |
---------------+-------------+-----
Stealth        | 2 |  2.0
Dodging        | 2 3 |  3.2
Air Magic      | 4 |  4.4
Spellcasting   | |  2.0
Conjurations   | |  1.0

Action                   |  1- 3 |  4- 6 || total
-------------------------+-------+-------++-------
Melee: Unarmed           |    44 |       ||    44
       Tailslap          |     5 |     3 ||     8
       Trident           |    35 |    43 ||    78
 Cast: Shock             |    45 |    18 ||    63
Invok: Animate Remains   |       |     1 ||     1
  Use: Potion            |       |     2 ||     2
 Stab: Sleeping          |     3 |     4 ||     7
  Eat: Chunk             |     2 |     2 ||     4
Armor: Skin              |    38 |    30 ||    68
Dodge: Dodged            |    71 |    51 ||   122
